 Dungeon Crawl Stone Soup version 0.22.0-49-gab54619 (webtiles) character file.

1208 Merlin the Chopper (level 8, -6/52 HPs)
             Began as a Gnoll Wanderer on Sept 7, 2018.
             Was a Follower of Hepliaklqana.
             Mangled by an orc warrior
             ... wielding a +0 halberd
              (15 damage)
             ... on level 6 of the Dungeon.
             The game lasted 00:30:01 (4477 turns).

Merlin the Chopper (Gnoll Wanderer)                 Turns: 4477, Time: 00:30:01

Health: -6/52      AC: 12    Str: 14    XL:     8   Next: 45%
Magic:  12/12      EV: 10    Int: 18    God:    Hepliaklqana [*.....]
Gold:   314        SH:  0    Dex: 14    Spells: 13/13 levels left

rFire    . . .     SeeInvis .   I - +0 war axe (elec)
rCold    . . .     Gourm    .   (no shield)
rNeg     . . .     Faith    .   s - +4 scale mail
rPois    .         Spirit   .   (no helmet)
rElec    .         Reflect  .   H - +0 cloak
rCorr    .         Harm     .   v - +0 pair of gloves
MR       .....                  (no boots)
Stlth    ++........             h - amulet of regeneration
HPRegen  0.57/turn              t - +3 ring of slaying
MPRegen  0.13/turn              (no ring)

@: lethally poisoned (-6 -> -7), about to teleport, hasted and slowed, drained
A: distributed training, reduced essence, fangs 1, strong nose
a: Recall Ancestor, Ancestor Identity, Renounce Religion


You were on level 6 of the Dungeon.
You worshipped Hepliaklqana.
Hepliaklqana was aware of your devotion.
You were hungry.

You visited 1 branch of the dungeon, and saw 6 of its levels.

You collected 314 gold pieces.

Inventory:

Hand Weapons
 a - a +2 dagger
 b - a +0 shortbow
 k - a cursed -1 dagger
 n - a +0 hand axe
 r - a +0 rapier
 C - a +0 war axe
 G - a +3 quarterstaff of chaos
 I - a +0 war axe of electrocution (weapon)
 J - a cursed +4 morningstar
Missiles
 d - 85 arrows
Armour
 f - a +0 robe
 j - a +0 leather armour
 s - a +4 scale mail (worn)
 v - a +0 pair of gloves (worn)
 z - a +2 robe of cold resistance
 D - a cursed -2 leather armour
 H - a +0 cloak (worn)
Jewellery
 h - an amulet of regeneration (around neck)
 t - a +3 ring of slaying (left hand)
Wands
 x - a wand of iceblast (7)
 y - a wand of random effects (21)
 L - a wand of flame (18)
Scrolls
 e - 2 scrolls of teleportation
 l - 2 scrolls of immolation {unknown}
 m - 3 scrolls of identify
 p - a scroll of amnesia
 u - 2 scrolls of fog {unknown}
 w - a scroll of enchant weapon {unknown}
 A - a scroll of magic mapping {unknown}
Potions
 c - 3 potions of haste
 i - 3 potions of flight
 o - a potion of agility {unknown}
 q - a potion of resistance {unknown}
 F - a potion of heal wounds {unknown}
 K - a potion of mutation {unknown}
Comestibles
 g - 6 rations


   Skills:
 + Level 3.2(2.6) Fighting
 + Level 3.2(2.6) Short Blades
 + Level 7.3(6.7) Long Blades
 + Level 7.3(6.7) Axes
 + Level 3.2(2.6) Maces & Flails
 + Level 3.2(2.6) Polearms
 + Level 3.2(2.6) Staves
 + Level 3.2(2.6) Slings
 + Level 3.2(2.6) Bows
 + Level 3.2(2.6) Crossbows
 + Level 3.2(2.6) Throwing
 + Level 3.2(2.6) Armour
 + Level 3.2(2.6) Dodging
 + Level 6.8(6.2) Stealth
 + Level 3.2(2.6) Shields
 + Level 3.2(2.6) Unarmed Combat
 + Level 3.2(2.6) Spellcasting
 + Level 2.6(2.0) Conjurations
 + Level 2.6(2.0) Hexes
 + Level 2.6(2.0) Charms
 + Level 2.6(2.0) Summonings
 + Level 2.6(2.0) Necromancy
 + Level 2.6(2.0) Translocations
 + Level 2.6(2.0) Transmutations
 + Level 2.6(2.0) Fire Magic
 + Level 2.6(2.0) Ice Magic
 + Level 2.6(2.0) Air Magic
 + Level 2.6(2.0) Earth Magic
 + Level 2.6(2.0) Poison Magic
 + Level 3.5(2.9) Invocations
 + Level 4.2(3.6) Evocations


You had 13 spell levels left.
You didn't know any spells.
Your spell library contained the following spells:

 Spells                   Type           Power        Failure   Level  Hunger
 Animate Skeleton         Necr           N/A          30%         1    #......
 Pain                     Necr           #...         30%         1    #......
 Regeneration             Chrm/Necr      #.........   65%         3    ###....
 Vampiric Draining        Necr           #.........   65%         3    ###....
 Animate Dead             Necr           N/A          96%         4    #####..


Dungeon Overview and Level Annotations

Branches:
Dungeon (6/15)             Temple (0/1) D:5

Altars:
Cheibriados
Elyvilon
Hepliaklqana
Kikubaaqudgha
Nemelex Xobeh
Sif Muna

Shops:
D:4 =


Innate Abilities, Weirdness & Mutations

Your experience applies equally to all skills.
You have very sharp teeth.
Your uncanny sense of smell can sniff out nearby items.
Your life essence is reduced to manifest your ancestor. (-10% HP)


Message History

The orc wizard is lightly wounded.
You hit the orc wizard. You hit the orc.
The orc wizard points at you and mumbles some strange words.
You resist with some effort. The orc wizard misses you.
The orc hits you but does no damage. The orc wizard barely misses you.
The orc warrior hits you from afar with a halberd!
* * * LOW HITPOINT WARNING * * *
The orc wizard hits you but does no damage.
The orc closely misses you.
You feel yourself speed up.
The orc wizard hits you but does no damage. x2
You are poisoned.
The orc warrior barely misses you.
The orc wizard casts a spell.
The orc wizard blinks!
The orc hits you but does no damage.
The orc wizard hits you but does no damage.
As you read the scroll of teleportation, it crumbles to dust.
You feel strangely unstable.
You feel sick. The orc closely misses you.
The orc warrior hits you from afar with a halberd!
You die...

.....# .# .....# #######.###...
.....# #.....o§...... .....# #
#..####'####+# .....# #≈
##.......... .....# #≈###
#.......... #'#'## #≈≈#
#o............#
#.#.######≈######o............#
#.#.#...≈≈≈≈≈...@o............##
#)#.#....≈≈≈...§##o<...........#
[..............................#
#.#.#.........................
).#.###############.###..##.#####
###.# #..................
###.###########.###......##.#####
....##.......# +......##.#
....##.......# #......##.#####


You could see an orc warrior, 2 orc wizards and an orc.

Vanquished Creatures
  An ogre (D:6)
  4 wights (D:6)
  2 howler monkeys
  2 crimson imps (D:5)
  2 bullfrog zombies (D:5)
  A hound (D:5)
  Crazy Yiuf (D:6)
  2 orc priests
  Jessica (D:2)
  2 orc wizards
  2 worker ants
  3 hound skeletons
  A hound zombie (D:5)
  A howler monkey zombie (D:5)
  7 adders
  2 shadow imps
  An ooze (D:2)
  An adder zombie (D:6)
  A worm (D:2)
  2 dart slugs (D:2)
  3 leopard geckos
  15 orcs
  3 giant cockroaches
  8 goblins
  4 hobgoblins
  9 jackals
  2 quokkas (D:2)
  9 bats
  8 frilled lizards
  3 kobolds
  2 quokka skeletons
  A quokka zombie (D:5)
  7 rats
113 creatures vanquished.

Vanquished Creatures (collateral kills)
  An ogre (D:6)
  A centaur (D:6)
  A crimson imp (D:5)
  A hound (D:5)
  A shadow imp (D:5)
  An orc (D:6)
  A jackal (D:6)
7 creatures vanquished.

Vanquished Creatures (others)
  2 ancestors (D:6)
2 creatures vanquished.

Grand Total: 122 creatures vanquished

Notes
Turn   | Place    | Note
-------+----------+-------------------------------------------
     0 | D:1      | Merlin the Gnoll Wanderer began the quest for the Orb.
     0 | D:1      | Merlin set off with: a +2 dagger, a potion of haste, a +0
                  | shortbow, 30 arrows, a scroll of teleportation, a +0 robe,
                  | a ration
     0 | D:1      | Reached XP level 1. HP: 13/13 MP: 2/2
   101 | D:1      | Reached XP level 2. HP: 17/19 MP: 3/3
   640 | D:1      | Reached XP level 3. HP: 19/25 MP: 4/4
  1355 | D:2      | Reached skill level 1 in Invocations
  1563 | D:2      | Reached skill level 1 in Fighting
  1563 | D:2      | Reached skill level 1 in Short Blades
  1563 | D:2      | Reached skill level 1 in Maces & Flails
  1563 | D:2      | Reached skill level 1 in Polearms
  1563 | D:2      | Reached skill level 1 in Staves
  1563 | D:2      | Reached skill level 1 in Slings
  1563 | D:2      | Reached skill level 1 in Bows
  1563 | D:2      | Reached skill level 1 in Crossbows
  1563 | D:2      | Reached skill level 1 in Throwing
  1563 | D:2      | Reached skill level 1 in Armour
  1563 | D:2      | Reached skill level 1 in Dodging
  1563 | D:2      | Reached skill level 1 in Shields
  1563 | D:2      | Reached skill level 1 in Unarmed Combat
  1563 | D:2      | Reached skill level 1 in Spellcasting
  1592 | D:2      | Reached XP level 4. HP: 31/32 MP: 6/6
  1645 | D:2      | Noticed Jessica
  1659 | D:2      | Killed Jessica
  1788 | D:2      | Reached skill level 1 in Conjurations
  1788 | D:2      | Reached skill level 1 in Hexes
  1788 | D:2      | Reached skill level 1 in Charms
  1788 | D:2      | Reached skill level 1 in Summonings
  1788 | D:2      | Reached skill level 1 in Necromancy
  1788 | D:2      | Reached skill level 1 in Translocations
  1788 | D:2      | Reached skill level 1 in Transmutations
  1788 | D:2      | Reached skill level 1 in Fire Magic
  1788 | D:2      | Reached skill level 1 in Ice Magic
  1788 | D:2      | Reached skill level 1 in Air Magic
  1788 | D:2      | Reached skill level 1 in Earth Magic
  1788 | D:2      | Reached skill level 1 in Poison Magic
  2021 | D:3      | Found a white marble altar of Elyvilon.
  2118 | D:3      | Found an ancient bone altar of Kikubaaqudgha.
  2174 | D:3      | Reached XP level 5. HP: 37/37 MP: 7/7
  2425 | D:4      | Found Tifen's Jewellery Shop.
  2762 | D:4      | Found a snail-covered altar of Cheibriados.
  2849 | D:4      | Reached XP level 6. HP: 44/44 MP: 8/8
  3058 | D:4      | Found a hazy altar of Hepliaklqana.
  3066 | D:4      | Became a worshipper of Hepliaklqana the Forgotten
  3141 | D:5      | Entered Level 5 of the Dungeon
  3258 | D:5      | Found a staircase to the Ecumenical Temple.
  3281 | D:5      | Reached XP level 7. HP: 45/45 MP: 10/10
  3375 | D:5      | Found a deep blue altar of Sif Muna.
  3626 | D:5      | Found a sparkling altar of Nemelex Xobeh.
  3694 | D:5      | Reached * piety under Hepliaklqana
  3959 | D:6      | Found a runed door.
  3963 | D:6      | Noticed Crazy Yiuf
  3970 | D:6      | Killed Crazy Yiuf
  3970 | D:6      | Reached XP level 8. HP: 51/51 MP: 12/12
  4099 | D:6      | Found a hazy altar of Hepliaklqana.
  4477 | D:6      | Mangled by an orc warrior

Skill      XL: |  1  2  3  4  5  6  7  8 |
---------------+-------------------------+-----
Stealth        | 6 |  6.8
Invocations    | 1 2 3 |  3.5
Fighting       | 1 2 3 |  3.2
Short Blades   | 1 2 3 |  3.2
Maces & Flails | 1 2 3 |  3.2
Polearms       | 1 2 3 |  3.2
Staves         | 1 2 3 |  3.2
Slings         | 1 2 3 |  3.2
Bows           | 1 2 3 |  3.2
Crossbows      | 1 2 3 |  3.2
Throwing       | 1 2 3 |  3.2
Armour         | 1 2 3 |  3.2
Dodging        | 1 2 3 |  3.2
Shields        | 1 2 3 |  3.2
Unarmed Combat | 1 2 3 |  3.2
Spellcasting   | 1 2 3 |  3.2
Conjurations   | 1 2 |  2.6
Hexes          | 1 2 |  2.6
Charms         | 1 2 |  2.6
Summonings     | 1 2 |  2.6
Necromancy     | 1 2 |  2.6
Translocations | 1 2 |  2.6
Transmutations | 1 2 |  2.6
Fire Magic     | 1 2 |  2.6
Ice Magic      | 1 2 |  2.6
Air Magic      | 1 2 |  2.6
Earth Magic    | 1 2 |  2.6
Poison Magic   | 1 2 |  2.6
Evocations     | 3 4 |  4.2
Long Blades    | 7 |  7.3
Axes           | 7 |  7.3

Action                   |  1- 3 |  4- 6 |  7- 9 || total
-------------------------+-------+-------+-------++-------
Melee: Dagger            |    92 |       |       ||    92
       Bite              |    10 |    16 |     7 ||    33
       Hand axe          |    15 |   211 |    10 ||   236
       War axe           |       |       |    82 ||    82
       Punch             |       |       |     1 ||     1
 Fire: Shortbow          |    23 |       |     2 ||    25
Invok: Ancestor Identity |       |     2 |     2 ||     4
Evoke: Wand              |       |       |     4 ||     4
  Use: Potion            |     1 |       |     2 ||     3
       Scroll            |       |     2 |     4 ||     6
 Stab: Sleeping          |     3 |     6 |     2 ||    11
       Distracted        |       |     2 |       ||     2
  Eat: Chunk             |     2 |     5 |     4 ||    11
Armor: Leather armour    |    33 |     4 |       ||    37
       Robe              |     1 |       |       ||     1
       Scale mail        |       |    93 |    56 ||   149
Dodge: Dodged            |    86 |    94 |    63 ||   243
